 Dungeon Crawl Stone Soup version 0.31-a0-369-g8eba5f6939 (webtiles) character file.

Game seed: 8270210078914367700

11 shadowstone the Grave Robber (level 2, -2/13 HPs)
             Began as a Vine Stalker Necromancer on July 28, 2023.
             Slain by a gnoll
             ... wielding a +0 halberd
              (8 damage)
             ... on level 2 of the Dungeon.
             The game lasted 00:05:14 (1042 turns).

shadowstone the Grave Robber (VSNe)                 Turns: 1042, Time: 00:05:15

Health: -2/13      AC:  2    Str: 10    XL:     2   Next: 25%
Magic:  0/6        EV: 12    Int: 15    God:
Gold:   70         SH:  0    Dex: 14    Spells: 4/5 levels left

rFire   . . .        (no weapon)
rCold   . . .        (no shield)
rNeg    . . .        a - +0 robe
rPois   .            (no helmet)
rElec   .            (no cloak)
rCorr   .            (no gloves)
SInv    .            (no boots)
Will    .....        (no amulet)
Stlth   ++           (no ring)
HPRegen 0.22/turn    (no ring)
MPRegen 0.10/turn

%: guardian spirit
@: no status effects
A: fangs 2, magic shield, antimagic bite, no potion heal 2
a: no special abilities


You were on level 2 of the Dungeon.
You visited 1 branch of the dungeon, and saw 2 of its levels.

You collected 70 gold pieces.

Inventory:

Armour
 a - a +0 robe (worn)
Scrolls
 c - a scroll of immolation {unknown}
 f - 2 scrolls of identify {unknown}
Potions
 b - a potion of magic
 d - a potion of mutation {unknown}
 e - a potion of lignification {unknown}
 g - 2 potions of heal wounds {unknown}


   Skills:
 + Level 1.5 Dodging
 + Level 2.4 Stealth
 + Level 2.4 Spellcasting
 + Level 4.3 Necromancy


You had 4 spell levels left.
You knew the following spells:

 Your Spells              Type           Power      Damage    Failure   Level
a - Necrotise             Necr           56%        1d6       3%          1

Your spell library contained the following spells:

 Spells                   Type           Power      Damage    Failure   Level
 Vampiric Draining        Necr           14%        2d7       11%         3
 Animate Dead             Necr           14%        N/A       34%         4
 Agony                    Necr           14%        N/A       69%         5


Dungeon Overview and Level Annotations

Branches:
Dungeon (2/15)

Altars:


Innate Abilities, Weirdness & Mutations

You have extremely sharp teeth.
When hurt, damage is shared between your health and your magic reserves.
Your bite disrupts and absorbs the magic of your enemies.
Potions cannot restore your health.


Message History

There is a stone staircase leading down here.
A ball python comes into view.
The ball python hisses angrily.
You closely miss the ball python.
You bite the ball python, but do no damage.
The ball python bites you but does no damage.
The ball python closely misses you.
You hit the ball python.
You kill the ball python!
You can't see any susceptible monsters within range! (Use Z to cast anyway.)
Found 8 stones.
Found a hand axe.
A rat comes into view.
The rat closely misses you.
You closely miss the rat. The rat bites you but does no damage.
You hit the rat.
You kill the rat!
A gnoll comes into view. It is wielding a +0 halberd.
A gnoll is nearby!
Casting: Necrotise (safe; 3% risk of failure)
Confirm with . or Enter, or press ? or * to list all spells.
You don't know that spell.
A gnoll comes into view. It is wielding a +0 flail.
Casting: Necrotise (safe; 3% risk of failure)
Confirm with . or Enter, or press ? or * to list all spells.
Aiming: Necrotise (safe; 3% risk of failure)
Press: ? - help, Shift-Dir - straight line, f - gnoll
Aim: a gnoll, wielding a +0 halberd (chance to affect: 78%)
The gnoll writhes in agony.
The gnoll hits you from afar with a +0 halberd!
Ouch! That really hurt!
Casting: Necrotise (safe; 3% risk of failure)
Confirm with . or Enter, or press ? or * to list all spells.
Aiming: Necrotise (safe; 3% risk of failure)
Press: ? - help, Shift-Dir - straight line, f/p - gnoll
Aim: a gnoll, wielding a +0 halberd (lightly wounded, chance to affect: 78%)
The gnoll writhes in agony.
The gnoll hits you from afar with a +0 halberd!
Ouch! That really hurt!
You die...

## ##########.# ##.
......... #.#. ...
.........###.## #.#
#.#####.#.#.#.# #.###.
#.# #........# #g.....
#.# #.#..# #.#...g...
#.#####.#..#####@.#
......(.......##..#####
...........##.........#
..#####.#.#######.###...
..# #.#.# .# # ..# #.#.#
.. ..# ##.#.# ### ...
....# .### #...#


You could see 2 gnolls.

Vanquished Creatures
  4 hobgoblins
  A ball python (D:2)
  2 bats (D:1)
  A frilled lizard (D:1)
  3 rats
11 creatures vanquished.

Notes
Turn   | Place    | Note
-------+----------+-------------------------------------------
     0 | D:1      | shadowstone the Vine Stalker Necromancer began the quest
                  | for the Orb.
     0 | D:1      | Reached XP level 1. HP: 9/9 MP: 4/4
   489 | D:1      | Reached XP level 2. HP: 9/13 MP: 1/6
  1042 | D:2      | Slain by a gnoll

Illustrated notes

Levels and vault maps discovered:
D:1:      sevenhm_arrival_forest_fort_small_3, layout_loops_cross
D:2:      layout_loops_ring, basic_altar, st_stairs_7, uniq_terence

Action                     || total
---------------------------++-------
  Melee: Unarmed           ||    15
         Bite              ||     3
   Cast: Necrotise         ||    11
 Armour: Robe              ||     4
  Dodge: Dodged            ||    12

Table legend: (Time is in decaauts)
 A = Elapsed time spent in this place.
 B = Non-inter-level travel time spent in this place.
 C = Inter-level travel time spent in this place.
 D = Time resting spent in this place.
 E = Time spent auto-exploring this place.
 F = Levels seen in this place.
 G = Mean time per level.
                   A        B        C        D        E       F      G
               +--------+--------+--------+--------+--------+-----+--------+
         Total |   1041 |   1033 |      8 |    271 |    212 |   2 |  520.5 |
       Dungeon |   1041 |   1033 |      8 |    271 |    212 |   2 |  520.5 |
               +--------+--------+--------+--------+--------+-----+--------+

Top non-repeatable levels by time:
     D:1: 859 daAuts
     D:2: 182 daAuts
